 Dungeon Sprint DCSS version 0.30-a0-373-gd37427bb62 (webtiles) character file.

Game seed: 15337609380531036012

24410 rocky1 the Blocker (level 13, -11/171 HPs)
             Began as a Gnoll Fighter on Nov 24, 2022.
             Was the Champion of Cheibriados.
             Killed from afar by a fire giant (37 damage)
             ... with a fireball
             ... in the Dungeon (Sprint VII: "The Pits").
             The game lasted 00:12:35 (3548 turns).

rocky1 the Blocker (Gnoll Fighter)                  Turns: 3548, Time: 00:12:36

Health: -11/171    AC: 23    Str: 37    XL:     13   Next: 13%
Magic:  9/10       EV: 22    Int: 22    God:    Cheibriados [******]
Gold:   52         SH: 10    Dex: 29    Spells: 38/38 levels left

rFire   . . .      SeeInvis .    A - +1 demon trident (antimagic)
rCold   . . .      Faith    .    c - +0 buckler
rNeg    . . .      Spirit   .    o - +4 chain mail
rPois   .          Reflect  .    p - +0 helmet
rElec   .          Harm     .    F - +0 cloak
rCorr   .          Rampage  .    (no gloves)
Will    .....      NoTele   +    (no boots)
Stlth   ..........               (no amulet)
HPRegen 0.48/turn                b - +3 ring of protection
MPRegen 0.12/turn                a - +3 ring of dexterity

@: berserking (expiring), untranslocatable, very slow
A: fangs 1, strong nose, distributed training
a: Renounce Religion, Bend Time, Temporal Distortion, Slouch, Step From Time


You were in the Dungeon.
You worshipped Cheibriados.
Cheibriados was exalted by your worship.
You visited 1 branch You collected 52 gold pieces.

Inventory:

Hand Weapons
 q - a +2 vorpal trident
 r - a +2 scimitar of freezing
 s - a +2 halberd of freezing
 t - a +2 trident of flaming
 v - a +4 scimitar of flaming
 A - a +1 antimagic demon trident (weapon)
Missiles
 u - a throwing net (quivered)
Armour
 c - a +0 buckler (worn)
 o - a +4 chain mail (worn)
 p - a +0 helmet (worn)
 F - a +0 cloak (worn)
Jewellery
 a - a +3 ring of dexterity (right hand)
 b - a +3 ring of protection (left hand)
 g - a ring of protection from cold
Wands
 E - a wand of quicksilver (10)
Scrolls
 l - 5 scrolls of amnesia
 m - a scroll of summoning
 w - 2 scrolls of fear
 x - 3 scrolls of fog
 y - 2 scrolls of identify
 B - 4 scrolls of enchant weapon
 C - 2 scrolls of enchant armour
Potions
 d - a potion of might
 e - 16 potions of curing
 f - 4 potions of heal wounds
 h - 4 potions of magic
 i - a potion of berserk rage
 k - a potion of invisibility
 n - 3 potions of mutation
 z - a potion of lignification
 D - a potion of brilliance


   Skills:
 + Level 14.6 Fighting
 + Level 13.1 Short Blades
 + Level 13.1 Long Blades
 + Level 13.1 Axes
 + Level 13.1 Maces & Flails
 + Level 13.9 Polearms
 + Level 13.1 Staves
 + Level 13.1 Ranged Weapons
 + Level 13.1 Throwing
 + Level 14.6 Armour
 + Level 13.1 Dodging
 + Level 13.1 Stealth
 + Level 14.6 Shields
 + Level 13.1 Unarmed Combat
 + Level 13.1 Spellcasting
 + Level 11.2 Conjurations
 + Level 11.2 Hexes
 + Level 11.2 Summonings
 + Level 11.2 Necromancy
 + Level 11.2 Translocations
 + Level 11.2 Transmutations
 + Level 11.2 Fire Magic
 + Level 11.2 Ice Magic
 + Level 11.2 Air Magic
 + Level 11.2 Earth Magic
 + Level 11.2 Poison Magic
 + Level 14.3 Invocations
 + Level 13.1 Evocations


You had 38 spell levels left.
You didn't know any spells.
Your spell library contained the following spells:

 Spells                   Type           Power      Damage    Failure   Level
 Shock                    Conj/Air       100%       1d9       1%          1
 Swiftness                Air            59%        N/A       1%          3
 Airstrike                Air            29%        2d(5-21)  1%          4


Dungeon Overview and Level Annotations

Branches:
Dungeon (1/1)

Altars:
Ashenzari
Cheibriados
Dithmenos
Elyvilon
Fedhas
Gozag
Hepliaklqana
Kikubaaqudgha
Makhleb
Nemelex Xobeh
Okawaru
Qazlal
Ru
Sif Muna
Trog
Uskayaw
Vehumet
Wu Jian
Xom
Yredelemnul
Zin
The Shining One
Jiyva
Lugonu


Innate Abilities, Weirdness & Mutations

You have very sharp teeth.
Your uncanny sense of smell can sniff out nearby items.
Your experience applies equally to all skills.


Message History

Your Axes skill increases to level 13!
Your Maces & Flails skill increases to level 13!
Your Staves skill increases to level 13!
Your Ranged Weapons skill increases to level 13!
Your Throwing skill increases to level 13!
Your Dodging skill increases to level 13!
Your Stealth skill increases to level 13!
Your Unarmed Combat skill increases to level 13!
Your Spellcasting skill increases to level 13!
Your Evocations skill increases to level 13!
You barely miss the black draconian.
The black draconian is lightly wounded.
You impale the black draconian!!
The black draconian is heavily wounded.
The black draconian breathes lightning at you.
The bolt of lightning hits you!!
* * * LOW HITPOINT WARNING * * *
The bolt of lightning hits you.
* * * LOW HITPOINT WARNING * * *
The bolt of lightning hits the black draconian.
The black draconian completely resists.
You barely miss the black draconian.
The black draconian is moderately wounded.
You puncture the black draconian!
The black draconian is heavily wounded.
The black draconian hits you but does no damage.
You barely miss the black draconian.
The black draconian is heavily wounded.
The black draconian hits you but does no damage.
You impale the black draconian!!
The black draconian is severely wounded.
You impale the black draconian!!
You kill the black draconian!
Cheibriados appreciates the change of pace.
You spit the fire giant like a pig!!!
The fire giant's magic leaks into the air.
The fire giant is moderately wounded.
The fire giant casts a spell at you.
The fireball explodes!
The fireball engulfs you!!!
You die...

#''# ##''#
∆∆∆∆∆∆##...#
∆∆∆∆∆##...##
#++###...###
∆
........##!#
∆
....#...#.!#
∆ ...
##D.C/!# #.
#...#@!# ∆
.......##!#
∆ .........
## ∆
++##...#.
∆∆∆##.# #.
∆∆∆∆#. . ∆∆∆
## .#


You could see a fire giant (magic disrupted) and a fire dragon.

Vanquished Creatures
  A sphinx (D)
  2 nagarajas (D)
  A draconian knight (D)
  A draconian scorcher (D)
  A black draconian (D)
  A deep elf demonologist (D)
  Azrael (D)
  A deep elf high priest (D)
  A vault guard (D)
  Harold (D)
  2 ogre magi (D)
  A boulder beetle (D)
  An alligator snapping turtle (D)
  A death yak (D)
  2 shadow wraiths (D)
  A deep troll (D)
  A flayed ghost (D)
  A wizard (D)
  2 orc knights (D)
  A wolf spider (D)
  A cyclops (D)
  An ugly thing (D)
  A large abomination (D)
  Maurice (D)
  An elephant (D)
  2 naga magi (D)
  A molten gargoyle (D)
  A yaktaur (D)
  An efreet (D)
  2 demonic crawlers (D)
  A hellwing (D)
  A red devil (D)
  A troll (D)
  Grinder (D)
  3 slime creatures (D)
  A dream sheep (D)
  2 shadows (D)
  2 wyverns (D)
  5 yaks (D)
  3 fire elementals (D)
  2 redbacks (D)
  3 wargs (D)
  Menkaure (D)
  9 hell hounds (D)
  A water moccasin (D)
  2 floating eyes (D)
  3 swamp drakes (D)
  2 gnoll sergeants (D)
  A necrophage (D)
  5 wights (D)
  A quasit (D)
  A hound (D)
  An orc priest (D)
  An iguana (D)
  2 orc wizards (D)
  A hell rat (D)
  10 gnolls (D)
  2 ufetubi (D)
  An adder zombie (D)
  8 orcs (D)
  An endoplasm (D)
  2 giant cockroaches (D)
  2 goblins (D)
  A hobgoblin (D)
  6 jackals (D)
  A quokka (D)
  2 frilled lizards (D)
  A giant cockroach zombie (D)
  A kobold (D)
  A quokka zombie (D)
  A rat (D)
132 creatures vanquished.

Vanquished Creatures (others)
  An orc (D)
1 creature vanquished.

Grand Total: 133 creatures vanquished

Notes
Turn   | Place    | Note
-------+----------+-------------------------------------------
     0 | D        | rocky1 the Gnoll Fighter began the quest for the Orb.
     0 | D        | Reached XP level 1. HP: 23/23 MP: 1/1
    19 | D        | Found a bloodstained altar of Trog.
    19 | D        | Found a shimmering blue altar of Sif Muna.
    19 | D        | Found a viscous altar of Jiyva.
    19 | D        | Found a hazy altar of Hepliaklqana.
    19 | D        | Found an opulent altar of Gozag.
    20 | D        | Found a glowing golden altar of the Shining One.
    20 | D        | Found a glowing silver altar of Zin.
    20 | D        | Found a basalt altar of Yredelemnul.
    20 | D        | Found a shimmering altar of Xom.
    20 | D        | Found an ornate altar of the Wu Jian Council.
    20 | D        | Found a sacrificial altar of Ru.
    20 | D        | Found a stormy altar of Qazlal.
    20 | D        | Found an iron altar of Okawaru.
    20 | D        | Found a sparkling altar of Nemelex Xobeh.
    20 | D        | Found a burning altar of Makhleb.
    20 | D        | Found a blossoming altar of Fedhas.
    20 | D        | Found a white marble altar of Elyvilon.
    20 | D        | Found a shadowy altar of Dithmenos.
    20 | D        | Found a snail-covered altar of Cheibriados.
    23 | D        | Found a corrupted altar of Lugonu.
    23 | D        | Found a radiant altar of Vehumet.
    24 | D        | Found an ancient bone altar of Kikubaaqudgha.
    24 | D        | Found a hide-covered altar of Uskayaw.
    24 | D        | Found a broken altar of Ashenzari.
    31 | D        | Became a worshipper of Cheibriados the Contemplative
    80 | D        | Reached skill level 1 in Invocations
    84 | D        | Reached skill level 1 in Short Blades
    84 | D        | Reached skill level 1 in Long Blades
    84 | D        | Reached skill level 1 in Axes
    84 | D        | Reached skill level 1 in Maces & Flails
    84 | D        | Reached skill level 1 in Staves
    84 | D        | Reached skill level 1 in Ranged Weapons
    84 | D        | Reached skill level 1 in Throwing
    84 | D        | Reached skill level 1 in Dodging
    84 | D        | Reached skill level 1 in Stealth
    84 | D        | Reached skill level 1 in Unarmed Combat
    84 | D        | Reached skill level 1 in Spellcasting
    84 | D        | Reached skill level 1 in Conjurations
    84 | D        | Reached skill level 1 in Hexes
    84 | D        | Reached skill level 1 in Summonings
    84 | D        | Reached skill level 1 in Necromancy
    84 | D        | Reached skill level 1 in Translocations
    84 | D        | Reached skill level 1 in Transmutations
    84 | D        | Reached skill level 1 in Fire Magic
    84 | D        | Reached skill level 1 in Ice Magic
    84 | D        | Reached skill level 1 in Air Magic
    84 | D        | Reached skill level 1 in Earth Magic
    84 | D        | Reached skill level 1 in Poison Magic
    84 | D        | Reached skill level 1 in Evocations
    84 | D        | Reached XP level 2. HP: 28/29 MP: 2/4
   105 | D        | Reached * piety under Cheibriados
   110 | D        | Reached ** piety under Cheibriados
   117 | D        | Reached *** piety under Cheibriados
   251 | D        | Reached XP level 3. HP: 31/35 MP: 5/5
   260 | D        | Reached **** piety under Cheibriados
   262 | D        | Reached ***** piety under Cheibriados
   467 | D        | Reached skill level 5 in Polearms
   467 | D        | Reached XP level 4. HP: 39/43 MP: 5/7
   593 | D        | Noticed a dream sheep
   597 | D        | Killed a dream sheep
   597 | D        | Reached ****** piety under Cheibriados
   598 | D        | Reached XP level 5. HP: 30/49 MP: 3/11
   598 | D        | Reached XP level 6. HP: 35/56 MP: 3/12
   672 | D        | Noticed a water moccasin
   673 | D        | Killed a water moccasin
   674 | D        | Reached skill level 5 in Short Blades
   674 | D        | Reached skill level 5 in Long Blades
   674 | D        | Reached skill level 5 in Axes
   674 | D        | Reached skill level 5 in Maces & Flails
   674 | D        | Reached skill level 5 in Staves
   674 | D        | Reached skill level 5 in Ranged Weapons
   674 | D        | Reached skill level 5 in Throwing
   674 | D        | Reached skill level 5 in Dodging
   674 | D        | Reached skill level 5 in Stealth
   674 | D        | Reached skill level 5 in Unarmed Combat
   674 | D        | Reached skill level 5 in Spellcasting
   674 | D        | Reached skill level 5 in Invocations
   674 | D        | Reached skill level 5 in Evocations
   719 | D        | Noticed a redback
   720 | D        | Killed a redback
   721 | D        | Reached XP level 7. HP: 63/63 MP: 8/15
   959 | D        | Noticed a wolf spider
   964 | D        | Killed a wolf spider
   965 | D        | Reached skill level 5 in Conjurations
   965 | D        | Reached skill level 5 in Hexes
   965 | D        | Reached skill level 5 in Summonings
   965 | D        | Reached skill level 5 in Necromancy
   965 | D        | Reached skill level 5 in Translocations
   965 | D        | Reached skill level 5 in Transmutations
   965 | D        | Reached skill level 5 in Fire Magic
   965 | D        | Reached skill level 5 in Ice Magic
   965 | D        | Reached skill level 5 in Air Magic
   965 | D        | Reached skill level 5 in Earth Magic
   965 | D        | Reached skill level 5 in Poison Magic
   965 | D        | Reached XP level 8. HP: 61/71 MP: 10/17
  1121 | D        | Noticed an orc knight
  1121 | D        | Noticed a flayed ghost
  1126 | D        | Killed a flayed ghost
  1127 | D        | Reached skill level 10 in Fighting
  1127 | D        | Reached skill level 10 in Armour
  1127 | D        | Reached skill level 10 in Shields
  1127 | D        | Reached XP level 9. HP: 78/78 MP: 2/20
  1128 | D        | Killed an orc knight
  1240 | D        | Noticed a deep troll
  1240 | D        | Noticed Harold
  1246 | D        | Killed a deep troll
  1246 | D        | Killed Harold
  1247 | D        | Reached skill level 10 in Polearms
  1247 | D        | Reached XP level 10. HP: 63/87 MP: 2/22
  1375 | D        | Killed a shadow wraith
  1376 | D        | Reached skill level 10 in Invocations
  1480 | D        | Noticed Grinder
  1480 | D        | Noticed a boulder beetle
  1482 | D        | Noticed a demonic crawler
  1485 | D        | Killed a demonic crawler
  1485 | D        | Killed Grinder
  1490 | D        | Killed a boulder beetle
  1717 | D        | Noticed a purple ugly thing
  1717 | D        | Noticed Azrael
  1720 | D        | Reached skill level 10 in Short Blades
  1720 | D        | Reached skill level 10 in Long Blades
  1720 | D        | Reached skill level 10 in Axes
  1720 | D        | Reached skill level 10 in Maces & Flails
  1720 | D        | Reached skill level 10 in Staves
  1720 | D        | Reached skill level 10 in Ranged Weapons
  1720 | D        | Reached skill level 10 in Throwing
  1720 | D        | Reached skill level 10 in Dodging
  1720 | D        | Reached skill level 10 in Stealth
  1720 | D        | Reached skill level 10 in Unarmed Combat
  1720 | D        | Reached skill level 10 in Spellcasting
  1720 | D        | Reached skill level 10 in Evocations
  1720 | D        | Reached XP level 11. HP: 61/95 MP: 13/25
  1721 | D        | Killed a purple ugly thing
  1723 | D        | Killed Azrael
  1898 | D        | Noticed Menkaure
  1898 | D        | Noticed an orc knight
  1901 | D        | Killed Menkaure
  1903 | D        | Killed an orc knight
  1904 | D        | Killed a shadow wraith
  2118 | D        | Noticed an alligator snapping turtle
  2145 | D        | Killed an alligator snapping turtle
  2168 | D        | Noticed a cyclops
  2182 | D        | Killed a cyclops
  2183 | D        | Reached XP level 12. HP: 95/105 MP: 9/27
  2380 | D        | Noticed Maurice
  2397 | D        | Killed Maurice
  2398 | D        | Reached skill level 10 in Conjurations
  2398 | D        | Reached skill level 10 in Hexes
  2398 | D        | Reached skill level 10 in Summonings
  2398 | D        | Reached skill level 10 in Necromancy
  2398 | D        | Reached skill level 10 in Translocations
  2398 | D        | Reached skill level 10 in Transmutations
  2398 | D        | Reached skill level 10 in Fire Magic
  2398 | D        | Reached skill level 10 in Ice Magic
  2398 | D        | Reached skill level 10 in Air Magic
  2398 | D        | Reached skill level 10 in Earth Magic
  2398 | D        | Reached skill level 10 in Poison Magic
  2512 | D        | Noticed a death yak
  2531 | D        | Killed a death yak
  2612 | D        | Noticed a vault guard
  2620 | D        | Killed a vault guard
  2655 | D        | Noticed a black draconian knight
  2655 | D        | Noticed a deep elf demonologist
  2657 | D        | Noticed a sphinx
  2658 | D        | Noticed an ogre mage
  2661 | D        | Noticed a Tzitzimitl
  2676 | D        | Noticed a balrug
  2684 | D        | Noticed a deep elf high priest
  2686 | D        | Killed a deep elf high priest
  2687 | D        | Killed a deep elf demonologist
  2691 | D        | Killed a sphinx
  2894 | D        | Noticed a red draconian scorcher
  2895 | D        | Noticed a nagaraja
  2896 | D        | Noticed a black draconian
  2918 | D        | Killed a nagaraja
  3051 | D        | Killed a red draconian scorcher
  3300 | D        | Noticed an ogre mage
  3316 | D        | Killed a black draconian knight
  3316 | D        | Killed an ogre mage
  3317 | D        | Killed an ogre mage
  3318 | D        | Reached XP level 13. HP: 55/114 MP: 5/29
  3514 | D        | Noticed a nagaraja
  3539 | D        | Noticed a fire giant
  3540 | D        | Killed a nagaraja
  3540 | D        | Noticed a fire dragon
  3547 | D        | Killed a black draconian
  3548 | D        | Killed from afar by a fire giant

Illustrated notes

Levels and vault maps discovered:
D:        pitsprint [storerooms_1, entrance_room_1, metal_vault_2, armoury_2,
          mini_pit_1, grid_room_1, main_hall_1, silver_pit, the_coven_1,
          the_vestibule_1, steel_vault_5, golden_pit, hallway_of_sentries,
          crystal_vault_4, iron_vault_1, final_vault]

Skill      XL: |  1  2  3  4  5  6  7  8  9 10 11 12 13 |
---------------+----------------------------------------+-----
Invocations    | 1 2 4 6 7 8 9 10 12 14 | 14.3
Short Blades   | 1 2 4 5 6 7 8 10 11 12 13 | 13.1
Long Blades    | 1 2 4 5 6 7 8 10 11 12 13 | 13.1
Axes           | 1 2 4 5 6 7 8 10 11 12 13 | 13.1
Maces & Flails | 1 2 4 5 6 7 8 10 11 12 13 | 13.1
Staves         | 1 2 4 5 6 7 8 10 11 12 13 | 13.1
Ranged Weapons | 1 2 4 5 6 7 8 10 11 12 13 | 13.1
Throwing       | 1 2 4 5 6 7 8 10 11 12 13 | 13.1
Dodging        | 1 2 4 5 6 7 8 10 11 12 13 | 13.1
Stealth        | 1 2 4 5 6 7 8 10 11 12 13 | 13.1
Unarmed Combat | 1 2 4 5 6 7 8 10 11 12 13 | 13.1
Spellcasting   | 1 2 4 5 6 7 8 10 11 12 13 | 13.1
Conjurations   | 1 2 3 4 5 6 7 8 9 10 11 | 11.2
Hexes          | 1 2 3 4 5 6 7 8 9 10 11 | 11.2
Summonings     | 1 2 3 4 5 6 7 8 9 10 11 | 11.2
Necromancy     | 1 2 3 4 5 6 7 8 9 10 11 | 11.2
Translocations | 1 2 3 4 5 6 7 8 9 10 11 | 11.2
Transmutations | 1 2 3 4 5 6 7 8 9 10 11 | 11.2
Fire Magic     | 1 2 3 4 5 6 7 8 9 10 11 | 11.2
Ice Magic      | 1 2 3 4 5 6 7 8 9 10 11 | 11.2
Air Magic      | 1 2 3 4 5 6 7 8 9 10 11 | 11.2
Earth Magic    | 1 2 3 4 5 6 7 8 9 10 11 | 11.2
Poison Magic   | 1 2 3 4 5 6 7 8 9 10 11 | 11.2
Evocations     | 1 2 4 5 6 7 8 10 11 12 13 | 13.1
Fighting       | 7 8 9 10 11 13 14 | 14.6
Polearms       | 5 6 7 8 9 10 11 12 13 | 13.9
Armour         | 7 8 9 10 11 13 14 | 14.6
Shields        | 7 8 9 10 11 13 14 | 14.6

Action                   |  1- 3 |  4- 6 |  7- 9 | 10-12 | 13-15 || total
-------------------------+-------+-------+-------+-------+-------++-------
Melee: Trident           |    48 |    18 |     8 |    56 |       ||   130
       Bite              |     5 |     2 |     1 |    31 |     3 ||    42
       Demon trident     |       |       |       |   164 |    34 ||   198
Invok: Slouch            |       |     3 |     8 |    14 |       ||    25
  Use: Potion            |       |       |       |     9 |     4 ||    13
       Scroll            |       |       |       |     2 |       ||     2
 Stab: Invisible         |       |       |       |    12 |       ||    12
       Sleeping          |       |       |       |     3 |       ||     3
       Distracted        |       |       |       |     1 |       ||     1
Armor: Scale mail        |    21 |       |       |       |       ||    21
       Chain mail        |    17 |     2 |    12 |    58 |     4 ||    93
Dodge: Dodged            |    27 |     4 |     4 |   127 |     7 ||   169
Block: Buckler           |    13 |       |     3 |    76 |     5 ||    97

Table legend: (Time is in decaauts)
 A = Elapsed time spent in this place.
 B = Non-inter-level travel time spent in this place.
 C = Inter-level travel time spent in this place.
 D = Time resting spent in this place.
 E = Time spent auto-exploring this place.
 F = Levels seen in this place.
 G = Mean time per level.
                   A        B        C        D        E       F      G
               +--------+--------+--------+--------+--------+-----+--------+
         Total |   4234 |   3890 |    344 |   2264 |      0 |   1 | 4234.0 |
       Dungeon |   4234 |   3890 |    344 |   2264 |      0 |   1 | 4234.0 |
               +--------+--------+--------+--------+--------+-----+--------+

Top non-repeatable levels by time:
       D: 4234 daAuts
